 Dungeon Crawl Stone Soup version 0.23.2-40-g277498a001 (webtiles) character file.

Game seed: 6266635664240760166

46 FishyPogo the Gusty (level 3, -4/26 HPs)
             Began as a Draconian Air Elementalist on Sept 21, 2019.
             Slain by an ogre
             ... wielding a +0 giant club
              (19 damage)
             ... on level 2 of the Dungeon.
             The game lasted 00:05:30 (806 turns).

FishyPogo the Gusty (Draconian Air Elementalist)     Turns: 806, Time: 00:05:30

Health: -4/26      AC:  6    Str: 10    XL:     3   Next: 44%
Magic:  0/6        EV: 12    Int: 16    God:
Gold:   30         SH:  0    Dex: 11    Spells: 5/6 levels left

rFire    . . .     SeeInvis +   e - +0 dagger
rCold    + . .     Gourm    .   (no shield)
rNeg     . . .     Faith    .   (armour unavailable)
rPois    .         Spirit   .   (helmet restricted)
rElec    .         Reflect  .   f - +0 cloak
rCorr    .         Harm     .   (no gloves)
MR       .....                  (no boots)
Stlth    ++........             (no amulet)
HPRegen  0.08/turn              i - ring of protection from cold
MPRegen  0.10/turn              j - ring of see invisible

@: no status effects
A: unfitting armour, cold-blooded, AC +5
a: no special abilities


You were on level 2 of the Dungeon.
You were hungry.

You visited 1 branch of the dungeon, and saw 3 of its levels.

You collected 30 gold pieces.

Inventory:

Hand Weapons
 e - a +0 dagger (weapon)
Missiles
 d - 64 stones (quivered)
Armour
 f - a +0 cloak (worn)
Jewellery
 i - a ring of protection from cold (left hand)
 j - a ring of see invisible (right hand)
 l - an uncursed ring of ice {unknown}
Scrolls
 k - a scroll of amnesia {unknown}
 m - a scroll of magic mapping {unknown}
Potions
 c - 2 potions of curing {unknown}
 g - 2 potions of cancellation {unknown}
 h - a potion of might {unknown}
 n - a potion of lignification {unknown}
Comestibles
 a - 6 chunks of flesh
 b - 5 rations


   Skills:
 + Level 2.2 Dodging
 - Level 2.0 Stealth
 + Level 2.3 Spellcasting
 + Level 1.5 Conjurations
 * Level 3.6 Air Magic


You had 5 spell levels left.
You knew the following spells:

 Your Spells              Type           Power        Failure   Level  Hunger
a - Shock                 Conj/Air       ##..         7%          1    #......

Your spell library contained the following spells:

 Spells                   Type           Power        Failure   Level  Hunger
 Swiftness                Chrm/Air       #.......     14%         2    ###....
 Static Discharge         Conj/Air       ##......     21%         3    ###....
 Airstrike                Air            ##........   41%         4    #####..
 Lightning Bolt           Conj/Air       ##........   88%         5    ######.


Dungeon Overview and Level Annotations

Branches:
Dungeon (3/15)

Altars:
Ashenzari


Innate Abilities, Weirdness & Mutations

Your plain brown scales are hard. (AC +5)
You cannot fit into any form of body armour.
You are cold-blooded and may be slowed by cold attacks.


Message History

The ogre is severely wounded.
Unknown command.
Casting: Shock (safe; 7% risk of failure)
Confirm with . or Enter, or press ? or * to list all spells.
Aiming: Shock (safe; 7% risk of failure)
Press: ? - help, Shift-Dir - straight line, f/p - ogre
Aim: an ogre, wielding a +0 giant club (severely wounded)
The zap hits the ogre.
The ogre is severely wounded.
You hit the ogre.
The ogre is almost dead.
The ogre hits you with a +0 giant club!
You hit the ogre.
The ogre is almost dead.
The ogre barely misses you.
You hit the ogre but do no damage.
The ogre is almost dead.
The ogre hits you with a +0 giant club!!
Ouch! That really hurt!
You die...

#################
#........#......#
#..........##...##
#........###8...8#
####.##### ##@..##
#.# #O..# ##.# #...#
######..# 8...8#
........# # #...##
........#8###8##...#
...................#
...................⌠
......#........


You could see an ogre.

Vanquished Creatures
  An adder (D:2)
  An ooze (D:1)
  A worm (D:2)
  A dart slug (D:1)
  3 bats
  2 giant cockroaches (D:1)
  5 goblins (D:1)
  A hobgoblin (D:1)
  4 jackals (D:1)
  A ball python (D:2)
  2 frilled lizards (D:1)
  4 kobolds
  2 rats
28 creatures vanquished.

Notes
Turn   | Place    | Note
-------+----------+-------------------------------------------
     0 | D:1      | FishyPogo the Draconian Air Elementalist began the quest
                  | for the Orb.
     0 | D:1      | Reached XP level 1. HP: 14/14 MP: 3/3
   149 | D:1      | Reached XP level 2. HP: 20/20 MP: 3/5
   517 | D:1      | Reached XP level 3. HP: 16/26 MP: 2/6
   755 | D:2      | Found a shattered altar of Ashenzari.
   797 | D:2      | Noticed an ogre
   806 | D:2      | Slain by an ogre

Skill      XL: |  1  2 |
---------------+-------+-----
Stealth        | 2 |  2.0
Dodging        | 2 |  2.2
Spellcasting   | |  2.3
Conjurations   | |  1.5
Air Magic      | |  3.6

Action                   || total
-------------------------++-------
Melee: Unarmed           ||    11
       Dagger            ||    35
       Tailslap          ||     2
 Cast: Shock             ||    54
 Stab: Sleeping          ||     1
Armor: Skin              ||    18
Dodge: Dodged            ||    39
